 Dungeon Crawl Stone Soup version 0.20-a0-673-g53087c7 (webtiles) character file.

231 M4edhros the Sneak (level 6, -3/41 HPs)
             Began as an Octopode Artificer on Feb 18, 2017.
             Was an Initiate of Gozag.
             Slain by a hobgoblin (4 damage)
             ... on level 2 of the Dungeon.
             The game lasted 00:03:20 (3032 turns).

M4edhros the Sneak (Octopode Artificer)             Turns: 3032, Time: 00:03:21

Health: -3/41      AC:  1    Str: 12    XL:     6   Next: 4%
Magic:  8/8        EV: 13    Int: 13    God:    Gozag
Gold:   162        SH:  3    Dex: 14    Spells: 5/5 levels left

rFire    . . .     SeeInvis .   v - +2 hand axe (drain)
rCold    . . .     Gourm    .   x - +0 buckler
rNeg     . . .     Faith    .   (helmet restricted)
rPois    .         Spirit   .   (no amulet)
rElec    .         Reflect  .   (no ring)
rCorr    .         Harm     .   (no ring)
MR       .....                  (no ring)
Stlth    ++++......             (no ring)
Regen    0.2/turn               (no ring)
MPRegen  0.2/turn               (no ring)
                                (no ring)
                                (no ring)

@: no status effects
A: almost no armour, stealthy swim, amphibious, 8 rings, constrict 8, camouflage
1, gelatinous body 1
a: Potion Petition, Call Merchant, Bribe Branch, Renounce Religion


You were on level 2 of the Dungeon.
You worshipped Gozag.
Gozag was aware of your devotion.
You were very hungry.

You visited 2 branches of the dungeon, and saw 5 of its levels.

You collected 236 gold pieces.
You paid 74 gold pieces to Gozag.

Inventory:

Hand Weapons
 a - a +0 short sword
 g - a +0 halberd
 l - a +0 hunting sling
 n - a +0 mace
 v - a +2 hand axe of draining (weapon)
Missiles
 e - 97 stones (quivered)
Armour
 x - a +0 buckler (worn)
Wands
 b - a wand of flame (2/48)
 c - a wand of enslavement (13/24)
 d - a wand of random effects (15/48)
 q - a wand of confusion (8/48)
 r - a wand of digging (9/24)
Scrolls
 j - 2 scrolls of enchant armour {unknown}
 k - 3 scrolls of teleportation {unknown}
 o - a scroll of magic mapping {unknown}
 t - 2 scrolls of fear
Potions
 h - a potion of haste {unknown}
 m - 2 potions of brilliance {unknown}
 p - 2 potions of flight {unknown}
 s - 2 potions of curing {unknown}
 u - a potion of degeneration {unknown}
 w - a potion of mutation {unknown}
Comestibles
 f - 3 bread rations
 i - a meat ration


   Skills:
 + Level 2.8 Fighting
 - Level 1.0 Short Blades
 + Level 1.9 Slings
 + Level 3.0 Dodging
 + Level 5.5 Stealth
 - Level 3.2 Evocations


You had 5 spell levels left.
You didn't know any spells.

Dungeon Overview and Level Annotations

Branches:
Dungeon (4/15)             Temple (1/1) D:4

Altars:
Elyvilon
Fedhas
Gozag
Makhleb
Nemelex Xobeh
Okawaru
Qazlal
Sif Muna
Uskayaw
Vehumet
Xom

Annotations:
D:4 1 runed door


Innate Abilities, Weirdness & Mutations

You cannot wear most types of armour.
You are very stealthy in the water. (Stealth+)
You are amphibious.
You can wear up to eight rings at the same time.
You can use your tentacles to constrict eight enemies at once.
Your skin changes colour to match your surroundings (Stealth+).
Your rubbery body absorbs attacks. (AC +1, EV +1)


Message History

You struggle against the net.
The bat closely misses you.
The giant cockroach is distracted by the nearby gold.
The hobgoblin hits you.
The gnoll hits you from afar with a spear!
* * * LOW HITPOINT WARNING * * *
A kobold comes into view.
You struggle against the net.
The bat hits you but does no damage.
The gnoll hits you from afar with a halberd.
* * * LOW HITPOINT WARNING * * *
The hobgoblin closely misses you. The gnoll hits you.
* * * LOW HITPOINT WARNING * * *
The gnoll hits you but does no damage.
The gnoll hits you from afar with a spear.
* * * LOW HITPOINT WARNING * * *
The bat closely misses you.
You rip the net and break free!
The bat misses you. The bat hits you.
* * * LOW HITPOINT WARNING * * *
The hobgoblin hits you.
You die...
Your body crumbles into a pile of gold.

###..####....
#.......#....
#.......K..#
##..........#
...........#
#.........#
#ggg.$....#
#.ggs.(...#
#.b@g.....#
.#'####.......[.#
.......<........#
........######'##
........# ..#
........# .#
.......## .
....... ####
r...... #.#.


You could see 4 gnolls, a giant cockroach, 2 hobgoblins, a bat and a kobold
(wandering).

Vanquished Creatures
  The ghost of M4edhros the Sneak, an amateur OpAr (D:4)
  A hound (D:4)
  2 gnolls (D:4)
  3 adders (D:2)
  An adder skeleton (D:4)
  A dart slug (D:1)
  3 leopard geckos
  2 giant cockroaches
  5 goblins
  8 hobgoblins
  2 jackals (D:1)
  2 quokkas (D:2)
  6 bats (D:1)
  A frilled lizard (D:3)
  3 kobolds
  2 rats (D:1)
43 creatures vanquished.

Vanquished Creatures (collateral kills)
  A scorpion (D:4)
  A bat (D:2)
2 creatures vanquished.

Vanquished Creatures (others)
  A gnoll (D:4)
1 creature vanquished.

Grand Total: 46 creatures vanquished

Notes
Turn   | Place    | Note
-------+----------+-------------------------------------------
     0 | D:1      | M4edhros the Octopode Artificer began the quest for the Orb.
     0 | D:1      | Reached XP level 1. HP: 13/13 MP: 3/3
   147 | D:2      | Reached skill level 2 in Stealth
   245 | D:2      | Reached skill level 3 in Stealth
   245 | D:2      | Reached XP level 2. HP: 14/18 MP: 4/4
   416 | D:2      | Reached skill level 4 in Stealth
   416 | D:2      | Reached XP level 3. HP: 11/23 MP: 5/5
  1000 | D:3      | Found an iron altar of Okawaru.
  1382 | D:4      | Reached XP level 4. HP: 19/28 MP: 6/6
  1395 | D:4      | Noticed M4edhros's ghost (amateur OpAr)
  1406 | D:4      | Killed M4edhros's ghost
  1406 | D:4      | Reached skill level 1 in Slings
  1406 | D:4      | Reached skill level 5 in Stealth
  1406 | D:4      | Reached XP level 5. HP: 13/34 MP: 7/7
  1714 | D:4      | Found a runed door.
  1956 | D:4      | Found a staircase to the Ecumenical Temple.
  1990 | Temple   | Entered the Ecumenical Temple
  1997 | Temple   | Became a worshipper of Gozag Ym Sagoz the Greedy
  2039 | D:3      | Found a hide-covered altar of Uskayaw.
  2607 | D:1      | Reached XP level 6. HP: 41/41 MP: 8/8
  3031 | D:2      | HP: 1/41 [gnoll/spear (4)]
  3032 | D:2      | Slain by a hobgoblin

Vault maps used:
D:1:      dpeg_arrival_rooms_with_view
D:2:      minmay_diamond_boxcup, first_bread, minivault_27, tso_altar
D:3:      eat_drink_and_be_merry_uskayaw, serial_park_tiny_pond,
          minmay_misc_feat_enclosed, minmay_misc_feat_rows,
          minmay_misc_feat_roman, okawaru_ov_weapons_minmay
D:4:      minmay_overflow_temple_star_quad, minmay_temple_entry_glassed_door,
          uniq_crazy_yiuf_cottage
Temple:   nicolae_temple_x_marks_the_god

Skill      XL: |  1  2  3  4  5 |
---------------+----------------+-----
Stealth        | 3 4 5 |  5.5
Fighting       | 2 |  2.8
Slings         | 1 |  1.9
Dodging        | 3 |  3.0
Short Blades   | |  1.0
Evocations     | |  3.2

Action                   |  1- 3 |  4- 6 || total
-------------------------+-------+-------++-------
Melee: Short sword       |    31 |       ||    31
       Constrict         |     9 |     9 ||    18
       Tentacles         |     7 |     5 ||    12
       Mace              |    10 |       ||    10
       Hand axe          |       |    28 ||    28
       Halberd           |       |     2 ||     2
Evoke: Wand              |     1 |    14 ||    15
  Use: Scroll            |       |     2 ||     2
 Stab: Sleeping          |     7 |     9 ||    16
  Eat: Chunk             |     1 |     2 ||     3
       Royal jelly       |       |     1 ||     1
Armor: Skin              |     3 |     8 ||    11
Dodge: Dodged            |    26 |    32 ||    58
Block: Buckler           |       |     2 ||     2
